 Dungeon Crawl Stone Soup version 0.19.0-2-gae57169 (webtiles) character file.

112 Gargoyl the Skirmisher (level 4, 0/37 HPs)
             Began as a Demonspawn Abyssal Knight on Nov 2, 2016.
             Was a Follower of Lugonu.
             Slain by an adder (3 damage)
             ... on level 3 of the Dungeon.
             The game lasted 00:03:03 (1530 turns).

Gargoyl the Skirmisher (Demonspawn Abyssal Knight)  Turns: 1530, Time: 00:03:04

Health: 0/37       AC: 11    Str: 12 (13) XL:     4   Next: 63%
Magic:  6/6        EV:  3    Int: 12 (13) God:    Lugonu [*.....]
Gold:   117        SH:  0    Dex: 10 (13) Spells: 0 memorised, 3 levels left

rFire  . . .     SeeInvis .     a - +1 hand axe
rCold  . . .     Gourm    .     e - +0 plate armour
rNeg   . . .     Faith    .     (no shield)
rPois  .         Spirit   .     (no helmet)
rElec  .         Reflect  .     (no cloak)
rCorr  .         Harm     .     (no gloves)
MR     .....                    (no boots)
Stlth  ..........               (no amulet)
                                (no ring)
                                (no ring)

@: lethally poisoned (0 -> -9)
A: hooves 1, powered by death 1
a: Depart the Abyss, Renounce Religion


You were on level 3 of the Dungeon.
You worshipped Lugonu.
Lugonu was aware of your devotion.
You were not hungry.

You visited 1 branch of the dungeon, and saw 4 of its levels.
You visited the Abyss 1 time.

You collected 117 gold pieces.

Inventory:

Hand Weapons
 a - a +1 hand axe (weapon)
Armour
 b - a +0 leather armour
 e - a +0 plate armour (worn)
Wands
 p - a wand of confusion (28/48)
Scrolls
 i - a scroll of amnesia
 k - 3 scrolls of identify
Potions
 f - a potion of heal wounds {unknown}
 g - a potion of might {unknown}
 h - a potion of mutation {unknown}
Comestibles
 c - 4 bread rations
 l - a meat ration
 n - a fruit
 o - 3 chunks of flesh


   Skills:
 + Level 4.0 Fighting
 + Level 2.6 Axes
 * Level 2.4 Armour
 + Level 1.0 Dodging
 * Level 3.4 Invocations


You had 3 spell levels left.
You didn't know any spells.

Dungeon Overview and Level Annotations

Branches:
Dungeon (4/15)
 Temple: D:4-7

Altars:


Innate Abilities, Weirdness & Mutations

You have large cloven feet.
You regenerate a little health from kills.


Message History

The adder bites you.
* * * LOW HITPOINT WARNING * * *
You are more poisoned.
The adder poisons you!
You hit the adder. You kick the adder, but do no damage.
The adder is severely wounded.
You feel sick. The adder bites you.
* * * LOW HITPOINT WARNING * * *
You are more poisoned.
The adder poisons you! The adder bites you but does no damage.
Your plate armour prevents you from hitting the adder.
The adder is severely wounded.
* * * LOW HITPOINT WARNING * * *
You feel sick.
The adder bites you but does no damage. x2
It was a potion of degeneration.
There was something very wrong with that liquid.
You feel weakened.
You feel dopey.
You feel clumsy.
* * * LOW HITPOINT WARNING * * *
You feel sick. The adder bites you.
You die...

#...).......<#
#.#####.####.#
#.#####.####.# #
#.#..........#
#.##.#.###.####.####
##....#.###.####.....
............†........
##....#.########..##.
......†@S....# #
.#.#..#.#.##.#
#..#.#.# #. #.. . #.
... .) # #... #. .%..
.. ##...


You could see an adder.

Vanquished Creatures
  Ijyb (D:3)
  Natasha (D:2)
  An adder (D:3)
  A dart slug (D:1)
  2 leopard geckos
  2 giant cockroaches (D:1)
  6 goblins
  7 hobgoblins
  8 jackals (D:3)
  3 kobolds (D:1)
  6 bats
  2 frilled lizards (D:1)
  3 rats
43 creatures vanquished.

Notes
Turn   | Place    | Note
-------+----------+-------------------------------------------
     0 | Abyss:1  | Gargoyl the Demonspawn Abyssal Knight began the quest for the Orb.
     0 | Abyss:1  | Reached XP level 1. HP: 18/18 MP: 2/2
    21 | Abyss:2  | Found a corrupted altar of Lugonu.
    87 | Abyss:2  | Noticed a small abomination
   106 | Abyss:2  | Found a corrupted altar of Lugonu.
   119 | Abyss:2  | Noticed a glowing orange brain
   122 | D:1      | Escaped the Abyss
   217 | D:1      | Reached * piety under Lugonu
   217 | D:1      | Gained mutation: You have large cloven feet. [demonic ancestry]
   217 | D:1      | Reached XP level 2. HP: 14/24 MP: 4/4
  1113 | D:1      | Reached XP level 3. HP: 29/29 MP: 5/5
  1166 | D:2      | Noticed Natasha
  1174 | D:2      | Killed Natasha
  1226 | D:2      | You fall through a shaft for 2 floors!
  1284 | D:3      | Noticed Ijyb
  1309 | D:3      | Killed Ijyb
  1309 | D:3      | Reached skill level 1 in Dodging
  1309 | D:3      | Gained mutation: You regenerate a little health from kills. [demonic ancestry]
  1309 | D:3      | Reached XP level 4. HP: 33/37 MP: 6/6
  1473 | D:3      | Reached skill level 4 in Fighting
  1530 | D:3      | Slain by an adder

Skill      XL: |  1  2  3  4 |
---------------+-------------+-----
Armour         | 2 |  2.4
Axes           | 2 |  2.6
Invocations    | 3 |  3.4
Dodging        | 1 |  1.0
Fighting       | 4 |  4.0

Action                   |  1- 3 |  4- 6 || total
-------------------------+-------+-------++-------
Melee: Hand axe          |   106 |    65 ||   171
       Kick              |    13 |    11 ||    24
Invok: Depart the Abyss  |     1 |       ||     1
  Use: Scroll            |     4 |       ||     4
       Potion            |       |     1 ||     1
  Eat: Chunk             |     1 |     1 ||     2
Armor: Plate armour      |   117 |    92 ||   209
Dodge: Dodged            |    16 |    12 ||    28
